 Dungeon Crawl Stone Soup version 0.29-a0-575-g0dc89cf053 (webtiles) character file.

Game seed: 9136784176487701446

883 Zonian the Sneak (level 8, -5/36 HPs)
             Began as a Vine Stalker Ice Elementalist on June 12, 2022.
             Was a Priest of Uskayaw.
             Slain by an orc warrior
             ... wielding a +0 dire flail
              (15 damage)
             ... on level 5 of the Dungeon on June 13, 2022.
             The game lasted 00:09:26 (5479 turns).

Zonian the Sneak (Vine Stalker Ice Elementalist)    Turns: 5479, Time: 00:09:26

Health: -5/36      AC:  3    Str: 11    XL:     8   Next: 5%
Magic:  0/16       EV: 14    Int: 15    God:    Uskayaw [***...]
Gold:   182        SH:  0    Dex: 17    Spells: 12/16 levels left

rFire   . . .      SeeInvis .   i - +2 short sword (drain)
rCold   . . .      Faith    .   (no shield)
rNeg    + . .      Spirit   +   a - +0 robe
rPois   .          Reflect  .   (no helmet)
rElec   .          Harm     .   (no cloak)
rCorr   .          Rampage  .   (no gloves)
Will    +....                   k - +0 pair of boots {Stlth+}
Stlth   ++++......              (no amulet)
HPRegen 0.92/turn               h - ring of positive energy
MPRegen 0.15/turn               (no ring)

@: no status effects
A: fangs 3, regeneration 1, magic shield, antimagic bite, no potion heal 2
a: Renounce Religion, Stomp, Line Pass


You were on level 5 of the Dungeon.
You worshipped Uskayaw.
Uskayaw was noncommittal.
You visited 1 branch of the dungeon, and saw 6 of its levels.

You collected 182 gold pieces.

Inventory:

Hand Weapons
 f - a +1 short sword
 g - a +1 mace of draining
 i - a +2 short sword of draining (weapon)
Armour
 a - a +0 robe (worn)
 e - a +0 pair of boots
 k - a +0 pair of boots of stealth (worn)
Jewellery
 h - a ring of positive energy (left hand)
Wands
 j - a wand of acid (8)
Scrolls
 l - 2 scrolls of identify
Potions
 b - a potion of might
 c - a potion of lignification
 d - a potion of attraction
 m - a potion of ambrosia {unknown}
 n - 3 potions of flight
 o - a potion of brilliance {unknown}


   Skills:
 + Level 3.9 Dodging
 + Level 6.2 Stealth
 + Level 4.9 Spellcasting
 + Level 6.0 Ice Magic


You had 12 spell levels left.
You knew the following spells:

 Your Spells              Type           Power      Damage    Failure   Level
a - Freeze                Ice            84%        1d10      1%          1
b - Frozen Ramparts       Ice            42%        1d6       4%          3

Your spell library contained the following spells:

 Spells                   Type           Power      Damage    Failure   Level
 Ozocubu's Armour         Ice            21%        N/A       4%          3
 Hailstorm                Conj/Ice       12%        3d5       43%         4
 Call Canine Familiar     Summ           3%         N/A       45%         3
 Portal Projectile        Hex/Tloc       6%         N/A       45%         3
 Leda's Liquefaction      Hex/Erth       1%         N/A       86%         4


Dungeon Overview and Level Annotations

Branches:
Dungeon (6/15)
 Temple: D:4-7

Altars:
Okawaru
Uskayaw

Annotations:
D:2 1 runed translucent door, Crazy Yiuf
D:6 Blork the orc


Innate Abilities, Weirdness & Mutations

You have razor-sharp teeth.
Your natural rate of healing is unusually fast.
When hurt, damage is shared between your health and your magic reserves.
Your bite disrupts and absorbs the magic of your enemies.
Potions cannot restore your health.


Message History

The orc misses you. The orc warrior barely misses you.
You hit the hound. Your bite misses the hound.
The hound is moderately wounded.
The hound closely misses you. The orc warrior barely misses you.
The orc closely misses you. The hound bites you. The orc misses you.
The orc warrior hits you with a +0 dire flail!
The orc attacks as you move away! The orc hits you but does no damage.
The orc warrior attacks as you move away!
The orc warrior hits you with a +0 dire flail!
The hound attacks as you move away! The hound bites you but does no damage.
You hit the hound. You drain the hound.
The hound is heavily wounded.
The hound closely misses you. The hound completely misses you.
You can now pass through a line of other dancers.
You hit the hound. Your bite misses the hound.
The hound is severely wounded.
The hound closely misses you. x2
You hit the hound. You drain the hound.
You kill the hound!
Your Ice Magic skill increases to level 6!
You hit the orc. You drain the orc.
You kill the orc!
Uskayaw will force your foes to helplessly watch your dance.
Uskayaw prepares the audience for your solo!
Unknown command.
The helpless orc warrior fails to defend itself.
You hit the orc warrior.
The orc warrior is moderately wounded.
The orc warrior is no longer paralysed.
The orc warrior hits you with a +0 dire flail!
Unknown command.
You hit the orc warrior but do no damage.
Your bite misses the orc warrior.
The orc warrior is lightly wounded.
The orc warrior hits you with a +0 dire flail!
* * * LOW HITPOINT WARNING * * *
You closely miss the orc warrior.
The orc warrior is lightly wounded.
The orc warrior hits you with a +0 dire flail!!
You die...

########### ..........#
.########.# .## #.#
..##### #.# #####
.......##.###### ##.....
..##.....)))...# .....#
.###.####.##.#.###)....#
.# #.##..).@o.....# ..
..####.###.....# ### ###
#.# .....# # #.# ######
.# #.# ###. #.# #>. #.#
##.###########.#########
........).......>.......


You could see an orc warrior.

Vanquished Creatures
  Sigmund (D:4)
  Menkaure (D:4)
  A sky beast (D:6)
  An ice beast (D:5)
  2 scorpions (D:5)
  A hound (D:5)
  A jelly (D:5)
  An iguana (D:5)
  6 gnolls
  5 adders
  A white imp (D:5)
  An ufetubus (D:6)
  2 worms (D:2)
  A dart slug (D:1)
  10 orcs
  5 ball pythons
  5 endoplasms (D:1)
  A giant cockroach (D:1)
  7 goblins
  5 hobgoblins
  2 jackals (D:1)
  4 kobolds
  A quokka (D:2)
  7 bats
  2 frilled lizards
  6 rats
80 creatures vanquished.

Notes
Turn   | Place    | Note
-------+----------+-------------------------------------------
     0 | D:1      | Zonian the Vine Stalker Ice Elementalist began the quest
                  | for the Orb.
     0 | D:1      | Reached XP level 1. HP: 9/9 MP: 4/4
   705 | D:1      | Reached XP level 2. HP: 7/13 MP: 0/6
  1303 | D:1      | Reached XP level 3. HP: 13/16 MP: 5/7
  1359 | D:1      | Learned a level 3 spell: Frozen Ramparts
  2478 | D:2      | Found a runed translucent door.
  2479 | D:2      | Noticed Crazy Yiuf
  2702 | D:2      | Gained mutation: Your natural rate of healing is unusually
                  | fast. [Vine Stalker growth]
  2702 | D:2      | Reached XP level 4. HP: 15/21 MP: 5/9
  3117 | D:2      | HP: 1/21 [orc/+2 flail of protection (6)]
  3479 | D:2      | Found a faded altar of an unknown god.
  3483 | D:2      | Prayed at the altar of an unknown god.
  3483 | D:2      | Became a worshipper of Uskayaw the Reveller
  3483 | D:2      | Reached * piety under Uskayaw
  3956 | D:3      | Found an iron altar of Okawaru.
  3995 | D:3      | Reached XP level 5. HP: 24/24 MP: 10/10
  3996 | D:3      | Reached ** piety under Uskayaw
  4696 | D:4      | Noticed Menkaure
  4704 | D:4      | Reached *** piety under Uskayaw
  4705 | D:4      | Killed Menkaure
  4706 | D:4      | Reached skill level 5 in Ice Magic
  4706 | D:4      | Reached XP level 6. HP: 28/28 MP: 10/12
  4743 | D:4      | Noticed Sigmund
  4751 | D:4      | Killed Sigmund
  4752 | D:4      | Reached skill level 5 in Stealth
  4772 | D:4      | You fall into a shaft and drop 2 floors!
  4777 | D:6      | Noticed Blork the orc
  4787 | D:6      | Reached XP level 7. HP: 32/32 MP: 14/14
  5005 | D:5      | Entered Level 5 of the Dungeon
  5297 | D:5      | Gained mutation: You have razor-sharp teeth. [Vine Stalker
                  | growth]
  5297 | D:5      | Reached XP level 8. HP: 9/36 MP: 1/16
  5479 | D:5      | Slain by an orc warrior

Illustrated notes

Levels and vault maps discovered:
D:1:      onia_arrival_mini_maze_b, layout_loops_corners
D:2:      layout_basic, basic_ecumenical_altar, uniq_crazy_yiuf_cottage
D:3:      layout_loops_corners, lemuel_crystal_altar
D:4:      layout_basic, hex_tiny, uniq_pikel, uniq_sigmund, uniq_menkaure
D:5:      minmay_evil_eye, layout_loops_ring, serial_shops, shop,
          kennysheep_potato
D:6:      layout_loops_ring, kennysheep_doodads, uniq_prince_ribbit1,
          uniq_blork_the_orc

Skill      XL: |  1  2  3  4  5  6  7  8 |
---------------+-------------------------+-----
Stealth        | 3 4 5 6 |  6.2
Dodging        | 2 3 |  3.9
Spellcasting   | 3 4 |  4.9
Ice Magic      | 5 6 |  6.0

Action                   |  1- 3 |  4- 6 |  7- 9 || total
-------------------------+-------+-------+-------++-------
Melee: Unarmed           |    52 |    18 |       ||    70
       Bite              |    14 |    24 |    14 ||    52
       Punch             |     2 |     1 |       ||     3
       Short sword       |       |    48 |    61 ||   109
 Cast: Freeze            |    37 |    13 |       ||    50
Invok: Line Pass         |       |       |     1 ||     1
Evoke: Wand              |       |       |     3 ||     3
  Use: Scroll            |     2 |     5 |     3 ||    10
       Potion            |       |     2 |       ||     2
 Stab: Sleeping          |     5 |    12 |       ||    17
       Paralysed         |       |     2 |     1 ||     3
       Distracted        |       |       |     1 ||     1
Armor: Robe              |    19 |     3 |    18 ||    40
Dodge: Dodged            |    51 |    36 |    41 ||   128

Table legend: (Time is in decaauts)
 A = Elapsed time spent in this place.
 B = Non-inter-level travel time spent in this place.
 C = Inter-level travel time spent in this place.
 D = Time resting spent in this place.
 E = Time spent auto-exploring this place.
 F = Levels seen in this place.
 G = Mean time per level.
                   A        B        C        D        E       F      G
               +--------+--------+--------+--------+--------+-----+--------+
         Total |   5487 |   5334 |    153 |   1210 |   3186 |   6 |  914.5 |
       Dungeon |   5487 |   5334 |    153 |   1210 |   3186 |   6 |  914.5 |
               +--------+--------+--------+--------+--------+-----+--------+

Top non-repeatable levels by time:
     D:1: 2119 daAuts
     D:2: 1730 daAuts
     D:3: 848 daAuts
     D:5: 478 daAuts
     D:6: 234 daAuts
     D:4: 77 daAuts
